 Dungeon Crawl Stone Soup version 0.29.1-13-g9f3cf754e1 (webtiles) character file.

Game seed: 8551288254962943562

142 Kold the Digger (level 5, -2/28 HPs)
             Began as a Gargoyle Earth Elementalist on Jan 31, 2023.
             Was an Initiate of Vehumet.
             Killed from afar by an orc wizard (8 damage)
             ... with a puff of flame
             ... on level 4 of the Dungeon.
             The game lasted 00:03:48 (2863 turns).

Kold the Digger (Gargoyle Earth Elementalist)       Turns: 2863, Time: 00:03:49

Health: -2/28      AC:  6    Str: 11    XL:     5   Next: 25%
Magic:  1/8        EV: 11    Int: 18    God:    Vehumet [......]
Gold:   129        SH:  0    Dex: 10    Spells: 4/8 levels left

rFire   . . .      SeeInvis .   d - staff of cold
rCold   + . .      Faith    .   (no shield)
rNeg    + . .      Spirit   .   a - +0 robe
rPois   ∞          Reflect  .   (no helmet)
rElec   +          Harm     .   (no cloak)
rCorr   .          Rampage  .   (no gloves)
Will    .....                   (no boots)
Stlth   ++........              (no amulet)
HPRegen 0.09/turn               (no ring)
MPRegen 0.11/turn               (no ring)

@: no status effects
A: sickness immunity, AC +4, negative energy resistance 1, electricity
resistance, torment resistance 1, petrification resistance
a: Renounce Religion


You were on level 4 of the Dungeon.
You worshipped Vehumet.
Vehumet was noncommittal.
You visited 1 branch of the dungeon, and saw 4 of its levels.

You collected 129 gold pieces.

Inventory:

Armour
 a - a +0 robe (worn)
Magical Staves
 d - a staff of cold (weapon)
Scrolls
 c - a scroll of noise {unknown}
 e - 2 scrolls of vulnerability {unknown}
 f - 2 scrolls of fog {unknown}
 g - a scroll of blinking {unknown}
 h - a scroll of enchant armour {unknown}
 i - 3 scrolls of identify {unknown}
 j - a scroll of poison {unknown}
 m - a scroll of teleportation {unknown}
 n - a scroll of enchant weapon {unknown}
 o - 2 scrolls of amnesia {unknown}
 q - a scroll of magic mapping {unknown}
Potions
 b - a potion of might {unknown}
 k - 3 potions of curing {unknown}
 l - a potion of invisibility {unknown}
 p - a potion of flight {unknown}
 r - a potion of mutation {unknown}


   Skills:
 - Level 1.5 Dodging
 - Level 2.1 Stealth
 - Level 2.0 Spellcasting
 + Level 1.2 Conjurations
 - Level 2.0 Transmutations
 * Level 6.1 Earth Magic


You had 4 spell levels left.
You knew the following spells:

 Your Spells              Type           Power      Damage    Failure   Level
a - Sandblast             Erth           46%        2d11      1%          1
b - Stone Arrow           Conj/Erth      30%        3d8       12%         3

Your spell library contained the following spells:

 Spells                   Type           Power      Damage    Failure   Level
 Passwall                 Tmut/Erth      13%        N/A       5%          2
 Petrify                  Tmut/Erth      16%        N/A       34%         4


Dungeon Overview and Level Annotations

Branches:
Dungeon (4/15)
 Temple: D:4-7

Altars:
Vehumet
The Shining One

Shops:
D:2 *


Innate Abilities, Weirdness & Mutations

You are immune to sickness and miasma.
Your stone body is resilient. (AC +4)
You are immune to poison.
You resist negative energy. (rN+)
You are resistant to electric shocks. (rElec)
You are resistant to unholy torment.
You are immune to petrification.


Message History

A magic dart appears from out of thin air!
The magic dart hits you but does no damage.
You hear some strange, mumbled words.
A puff of flame appears from out of thin air!
The puff of flame misses you.
Casting: Sandblast (safe; 1% risk of failure)
Confirm with . or Enter, or press ? or * to list all spells.
Aiming: Sandblast (safe; 1% risk of failure)
Press: ? - help, Shift-Dir - straight line, f/p - orc
Aim: an orc, wielding a +0 dagger and wearing a +0 leather armour (83% to hit)
The blast of sand hits the orc.
The orc is severely wounded.
Something hits you but does no damage.
Casting: Sandblast (safe; 1% risk of failure)
Confirm with . or Enter, or press ? or * to list all spells.
Aiming: Sandblast (safe; 1% risk of failure)
Press: ? - help, Shift-Dir - straight line, f/p - orc
Aim: an orc, wielding a +0 dagger and wearing a +0 leather armour (severely wounded, 83% to hit)
The blast of sand hits the orc!
You kill the orc!
Vehumet accepts your kill. Something hits you.
Something hits you but does no damage.
An orc comes into view. It is wielding a +0 morningstar.
Casting: Sandblast (safe; 1% risk of failure)
Confirm with . or Enter, or press ? or * to list all spells.
Aiming: Sandblast (safe; 1% risk of failure)
Press: ? - help, Shift-Dir - straight line The blast of sand hits something!
Something hits you.
Casting: Sandblast (safe; 1% risk of failure)
Confirm with . or Enter, or press ? or * to list all spells.
You don't have enough magic to cast this spell.
You closely miss something. Something hits you but does no damage.
Something hits you. Something hits you.
* * * LOW HITPOINT WARNING * * *
Something hits you but does no damage.
You hear some strange, mumbled words.
A puff of flame appears from out of thin air!
The puff of flame hits you!
You die...

+..........
#....J..#
#.......#
#.......#
#.......#
#.....#.#
#o###.#.#
#{#.#....
#..@#.#.##
#####.#...
###


There were no monsters in sight!

Vanquished Creatures
  A scorpion (D:4)
  2 adders (D:3)
  A worm (D:2)
  2 dart slugs
  5 orcs (D:4)
  6 endoplasms
  5 giant cockroaches
  2 goblins
  6 hobgoblins
  3 quokkas
  4 ball pythons
  A bat (D:1)
  5 frilled lizards
  7 kobolds
  6 rats
56 creatures vanquished.

Vanquished Creatures (others)
  A plant (D:2)
1 creature vanquished.

Grand Total: 57 creatures vanquished

Notes
Turn   | Place    | Note
-------+----------+-------------------------------------------
     0 | D:1      | Kold the Gargoyle Earth Elementalist began the quest for
                  | the Orb.
     0 | D:1      | Reached XP level 1. HP: 10/10 MP: 3/3
   192 | D:1      | Reached skill level 1 in Transmutations
   194 | D:1      | Reached skill level 4 in Earth Magic
   362 | D:1      | Reached XP level 2. HP: 15/15 MP: 3/5
   883 | D:1      | Reached XP level 3. HP: 16/19 MP: 4/6
  1518 | D:2      | Found a radiant altar of Vehumet.
  1539 | D:2      | Became a worshipper of Vehumet
  1559 | D:2      | Found Terix's Assorted Antiques.
  1686 | D:3      | Reached skill level 5 in Earth Magic
  1694 | D:3      | Found a faded altar of an unknown god.
  1755 | D:3      | Found a glowing golden altar of the Shining One.
  1906 | D:3      | Reached XP level 4. HP: 24/24 MP: 5/7
  2498 | D:4      | Noticed a necrophage
  2829 | D:3      | Learned a level 3 spell: Stone Arrow
  2835 | D:4      | Noticed a scorpion
  2843 | D:4      | Killed a scorpion
  2844 | D:4      | Reached skill level 1 in Conjurations
  2844 | D:4      | Reached skill level 6 in Earth Magic
  2844 | D:4      | Reached XP level 5. HP: 23/28 MP: 2/8
  2863 | D:4      | Killed from afar by an orc wizard

Illustrated notes

Levels and vault maps discovered:
D:1:      ebering_hopf_link, layout_rooms, minmay_tall_x
D:2:      layout_basic, serial_shops, shop, basic_altar, serial_bayou_crossing
D:3:      layout_basic, nicolae_tso_carved_into_rock,
          ebering_ecumenical_altar_sacrificial
D:4:      layout_basic, uniq_edmund

Skill      XL: |  1  2  3  4 |
---------------+-------------+-----
Transmutations | 1 2 |  2.0
Earth Magic    | 4 5 6 |  6.1
Conjurations   | 1 |  1.2
Dodging        | |  1.5
Stealth        | |  2.1
Spellcasting   | |  2.0

Action                   |  1- 3 |  4- 6 || total
-------------------------+-------+-------++-------
Melee: Staff             |    24 |     4 ||    28
 Cast: Sandblast         |    47 |    24 ||    71
  Use: Potion            |     1 |       ||     1
Armor: Robe              |    14 |     8 ||    22
Dodge: Dodged            |    33 |     8 ||    41
